 Dungeon Crawl Stone Soup version 0.28-a0-662-g1651b1f1e0 (webtiles) character file.

Game seed: 7340407864145884841

4 runemasterragnar the Skirmisher (level 1, -3/18 HPs)
             Began as a Demonspawn Fighter on Oct 15, 2021.
             Frozen to death by an endoplasm (5 damage)
             ... on level 1 of the Dungeon.
             The game lasted 00:00:21 (153 turns).

runemasterragnar the Skirmisher (Demonspawn Fighter) Turns: 153, Time: 00:00:22

Health: -3/18      AC:  6    Str: 22    XL:     1   Next: 58%
Magic:  1/1        EV:  9    Int:  9    God:
Gold:   18         SH:  4    Dex: 12    Spells: 0/0 levels left

rFire   . . .      SeeInvis .   a - +0 long sword
rCold   . . .      Faith    .   c - +0 buckler
rNeg    . . .      Spirit   .   b - +0 scale mail
rPois   .          Reflect  .   (no helmet)
rElec   .          Harm     .   (no cloak)
rCorr   .          Rampage  .   (no gloves)
Will    .....                   (no boots)
Stlth   ..........              (no amulet)
HPRegen 0.06/turn               g - +6 ring of strength
MPRegen 0.07/turn               (no ring)

@: no status effects
A: no striking features
a: no special abilities


You were on level 1 of the Dungeon.
You visited 1 branch of the dungeon, and saw 1 of its levels.

You collected 18 gold pieces.

Inventory:

Hand Weapons
 a - a +0 long sword (weapon)
Armour
 b - a +0 scale mail (worn)
 c - a +0 buckler (worn)
Jewellery
 e - a ring of ice
 g - a +6 ring of strength (left hand)
Scrolls
 f - a scroll of identify {unknown}
Potions
 d - a potion of might


   Skills:
 + Level 3.0 Fighting
 * Level 2.0 Long Blades
 + Level 2.7 Armour
 + Level 2.7 Shields


You couldn't memorise any spells.
You didn't know any spells.
Your spell library was empty.

Dungeon Overview and Level Annotations

Branches:
Dungeon (1/15)

Altars:


Message History

You closely miss the bat. You block the bat's attack.
A ball python and an endoplasm come into view.
The ball python hisses angrily.
The bat barely misses you. The bat hits you but does no damage.
You hit the bat.
You kill the bat!
The ball python bites you but does no damage.
You block the ball python's attack.
You closely miss the ball python. The ball python bites you.
The ball python grabs you. The ball python constricts you.
The endoplasm freezes you.
You are frozen.
The ball python bites you but does no damage.
The ball python constricts you.
The endoplasm hits you but does no damage.
You escape the ball python's grasp.
You closely miss the ball python. The ball python closely misses you.
The ball python grabs you. The ball python constricts you.
The ball python bites you. The ball python constricts you.
You hit the ball python.
You kill the ball python!
Your Long Blades skill increases to level 2!
You hit the endoplasm but do no damage.
The endoplasm hits you but does no damage.
The endoplasm freezes you.
You are frozen.
You hit the endoplasm.
The endoplasm is lightly wounded.
The endoplasm freezes you.
You are frozen.
* * * LOW HITPOINT WARNING * * *
You hit the endoplasm.
The endoplasm is severely wounded.
You block the endoplasm's attack.
You hit the endoplasm.
The endoplasm is almost dead.
The endoplasm freezes you.
You are frozen.
You die...

#.$.....# #..?....#
#.......# #.....#
##...## ###.# #.# #J#
#@#### #....##
####..## #......#
#.####.# #.#
#.#########
###.####.##......##
##.#.#.#.#.#.#.....##
#.#.#.#.#.#.#.......#


You could see an endoplasm.

Vanquished Creatures
  An endoplasm (D:1)
  A hobgoblin (D:1)
  A ball python (D:1)
  A bat (D:1)
  A frilled lizard (D:1)
5 creatures vanquished.

Notes
Turn   | Place    | Note
-------+----------+-------------------------------------------
     0 | D:1      | runemasterragnar the Demonspawn Fighter began the quest for
                  | the Orb.
     0 | D:1      | Reached XP level 1. HP: 18/18 MP: 1/1
   153 | D:1      | Frozen to death by an endoplasm

Illustrated notes

Levels and vault maps discovered:
D:1:      ncdulo_watergridlock, layout_rooms,
          chequers_ecumenical_altar_simple_redux, fountainhead

Skill      XL: |  1 |
---------------+----+-----
Long Blades    | 2 |  2.0
Fighting       | |  3.0
Armour         | |  2.7
Shields        | |  2.7

Action                   || total
-------------------------++-------
Melee: Long sword        ||    16
Armor: Scale mail        ||     8
Dodge: Dodged            ||     6
Block: Buckler           ||     3

Table legend: (Time is in decaauts)
 A = Elapsed time spent in this place.
 B = Non-inter-level travel time spent in this place.
 C = Inter-level travel time spent in this place.
 D = Time resting spent in this place.
 E = Time spent auto-exploring this place.
 F = Levels seen in this place.
 G = Mean time per level.
                   A        B        C        D        E       F      G
               +--------+--------+--------+--------+--------+-----+--------+
         Total |    157 |    157 |      0 |      0 |    111 |   1 |  157.0 |
       Dungeon |    157 |    157 |      0 |      0 |    111 |   1 |  157.0 |
               +--------+--------+--------+--------+--------+-----+--------+

Top non-repeatable levels by time:
     D:1: 157 daAuts
